 Dungeon Crawl Stone Soup version 0.29.1-4-g47bece8355 (webtiles) character file.

Game seed: 14081691607968024635

5 GigaChad the Trooper (level 1, -1/20 HPs)
             Began as a Minotaur Fighter on Dec 5, 2022.
             Slain by a kobold
             ... wielding a +1 whip of venom
              (2 damage)
             ... on level 1 of the Dungeon.
             The game lasted 00:00:19 (428 turns).

GigaChad the Trooper (Minotaur Fighter)              Turns: 428, Time: 00:00:20

Health: -1/20      AC:  7    Str: 20    XL:     1   Next: 66%
Magic:  0/0        EV:  9    Int:  5    God:
Gold:   46         SH:  4    Dex:  9    Spells: 0/0 levels left

rFire   . . .      SeeInvis .   a - +0 war axe
rCold   . . .      Faith    .   c - +0 buckler
rNeg    . . .      Spirit   .   b - +0 scale mail
rPois   .          Reflect  .   (helmet restricted)
rElec   .          Harm     .   (no cloak)
rCorr   .          Rampage  .   (no gloves)
Will    .....                   (no boots)
Stlth   ..........              (no amulet)
HPRegen 0.06/turn               (no ring)
MPRegen 0.07/turn               (no ring)

@: lethally poisoned (-1 -> -8)
A: horns 2, retaliatory headbutt
a: no special abilities


You were on level 1 of the Dungeon.
You visited 1 branch of the dungeon, and saw 1 of its levels.

You collected 46 gold pieces.

Inventory:

Hand Weapons
 a - a +0 war axe (weapon)
Armour
 b - a +0 scale mail (worn)
 c - a +0 buckler (worn)
Scrolls
 e - a scroll of amnesia {unknown}
Potions
 d - a potion of might


   Skills:
 + Level 3.8 Fighting
 + Level 2.4 Axes
 + Level 3.7 Armour
 + Level 3.7 Shields


You couldn't memorise any spells.
You didn't know any spells.
Your spell library contained the following spells:

 Spells                   Type           Power      Damage    Failure   Level
 Beastly Appendage        Tmut           0%         N/A       89%         1
 Wereblood                Tmut           0%         N/A       96%         2
 Gell's Gravitas          Tloc           0%         N/A       99%         3
 Spider Form              Tmut/Pois      0%         N/A       99%         3
 Teleport Other           Tloc           0%         N/A       99%         3
 Dispersal                Tloc           0%         N/A       100%        6


Dungeon Overview and Level Annotations

Branches:
Dungeon (1/15)

Altars:


Innate Abilities, Weirdness & Mutations

You have a pair of horns on your head.
You reflexively headbutt those who attack you in melee.


Message History

Found a twisted smoking staff.
Found a stone staircase leading down.
You see here a staff of conjuration.
There is a stone staircase leading down here.
Found a short sword.
You see here a +0 short sword.
You see here a +0 short sword.
You open the door.
A kobold comes into view. It is wielding a +1 whip of venom.
The kobold shouts!
Found a scroll labelled POJECL ZAFUESH.
A kobold is nearby!
Found a spear.
There is an open door here.
You block the kobold's attack. The kobold hits you but does no damage.
You are poisoned.
You hit the kobold but do no damage.
You feel very sick. You block the kobold's attack.
You barely miss the kobold. Your headbutt misses the kobold.
You feel sick. The kobold hits you but does no damage.
The kobold hits you with a +1 whip of venom.
You are lethally poisoned!
You hit the kobold.
The kobold is severely wounded.
* * * LOW HITPOINT WARNING * * *
You feel very sick. The kobold completely misses you.
You barely miss the kobold.
The kobold is moderately wounded.
* * * LOW HITPOINT WARNING * * *
You feel very sick. The kobold hits you but does no damage.
You block the kobold's attack.
You barely miss the kobold.
The kobold is moderately wounded.
* * * LOW HITPOINT WARNING * * *
You feel sick.
The kobold hits you with a +1 whip of venom.
You die...

# #.# # #.# # #.# ## #.#
########. .########.#
#)....... [.......#.#
#........
#######.[.######........
# #>.......'........ #
##########@K...... #
#...?.... # #........ #
#########


You could see a kobold.

Vanquished Creatures
  2 endoplasms (D:1)
  A ball python (D:1)
  A frilled lizard (D:1)
  A kobold (D:1)
  A rat (D:1)
6 creatures vanquished.

Notes
Turn   | Place    | Note
-------+----------+-------------------------------------------
     0 | D:1      | GigaChad the Minotaur Fighter began the quest for the Orb.
     0 | D:1      | Reached XP level 1. HP: 19/19 MP: 0/0
   428 | D:1      | HP: 1/20 [poisoned by a kobold]
   428 | D:1      | Slain by a kobold

Illustrated notes

Levels and vault maps discovered:
D:1:      ebering_hopf_link, layout_basic

Action                   || total
-------------------------++-------
Melee: War axe           ||    15
       Headbutt          ||     3
Armor: Scale mail        ||    10
Dodge: Dodged            ||     4
Block: Buckler           ||     5
